 Dungeon Crawl Stone Soup version 0.29-a0-823-gc37b1572da (webtiles) character file.

Game seed: 16602808730481393994

56 LynnLen the Sneak (level 3, -1/19 HPs)
             Began as a Vampire Enchanter on July 9, 2022.
             Slain by a goblin
             ... wielding a +0 dagger
             ... led by Robin
              (4 damage)
             ... on level 2 of the Dungeon.
             The game lasted 00:05:25 (1197 turns).

LynnLen the Sneak (Vampire Enchanter)               Turns: 1197, Time: 00:05:26

Health: -1/19      AC:  2    Str:  7    XL:     3   Next: 69%
Magic:  6/6        EV: 12    Int: 19    God:
Gold:   29         SH:  0    Dex: 14    Spells: 6/6 levels left

rFire   . . .      SeeInvis +   a - +1 dagger (vorpal)
rCold   + + .      Faith    .   (no shield)
rNeg    + + +      Spirit   .   b - +0 robe
rPois   ∞          Reflect  .   (no helmet)
rElec   .          Harm     .   (no cloak)
rCorr   .          Rampage  .   (no gloves)
Will    .....                   (no boots)
Stlth   +++++.....              (no amulet)
HPRegen 0.00/turn               (no ring)
MPRegen 0.10/turn               (no ring)

@: bloodless, inhibited regen
A: bloodless, fangs 3, see invisible, vampiric 2
a: Bat Form, Revivify


You were on level 2 of the Dungeon.
You visited 1 branch of the dungeon, and saw 2 of its levels.

You collected 29 gold pieces.

Inventory:

Hand Weapons
 a - a +1 vorpal dagger (weapon)
Missiles
 i - 23 stones (quivered)
Armour
 b - a +0 robe (worn)
Jewellery
 f - a ring of protection from cold
Scrolls
 e - a scroll of magic mapping {unknown}
 h - a scroll of teleportation {unknown}
Potions
 c - 2 potions of invisibility
 d - a potion of cancellation
 j - a potion of lignification
 k - a potion of haste {unknown}


   Skills:
 + Level 1.4 Short Blades
 * Level 2.4 Dodging
 * Level 6.5 Stealth
 + Level 2.1 Spellcasting
 + Level 4.6 Hexes


You had 6 spell levels left.
You didn't know any spells.
Your spell library contained the following spells:

 Spells                   Type           Power      Damage    Failure   Level
 Confusing Touch          Hex            19%        N/A       8%          3
 Tukima's Dance           Hex            19%        N/A       8%          3
 Ensorcelled Hibernation  Hex/Ice        20%        N/A       10%         2
 Dazzling Flash           Conj/Hex       20%        N/A       19%         3


Dungeon Overview and Level Annotations

Branches:
Dungeon (2/15)

Altars:


Innate Abilities, Weirdness & Mutations

You do not regenerate when monsters are visible.
You are frail without blood (-20% HP).
You can heal yourself when you bite living creatures.
You are immune to poison.
You have razor-sharp teeth.
You have supernaturally acute eyesight. (SInv)
You are afflicted with vampirism and can become a bat while bloodless.


Message History

Robin throws the goblin at you! The goblin hits you with a +0 dagger.
You hit Robin.
Robin is heavily wounded.
Robin barely misses you.
A goblin comes into view. It is wielding a +0 dagger.
The goblin hits you with a +0 dagger.
You barely miss Robin.
Robin is heavily wounded.
You hit Robin but do no damage.
Robin is heavily wounded.
The goblin hits you with a +0 dagger.
Robin roars a battlecry!
The goblin goes into a battle-frenzy!
You closely miss Robin. Your bite misses Robin.
Robin is heavily wounded.
The goblin hits you but does no damage.
You barely miss Robin.
Robin is heavily wounded.
A hobgoblin comes into view.
The goblin barely misses you.
Robin roars a battlecry!
You hit Robin.
Robin is almost dead.
The goblin barely misses you.
You hit Robin.
You kill Robin!
The goblin hits you with a +0 dagger.
* * * LOW HITPOINT WARNING * * *
You feel better. The goblin closely misses you.
The goblin hits you with a +0 dagger.
* * * LOW HITPOINT WARNING * * *
You feel better.
The goblin hits you with a +0 dagger. x2
* * * LOW HITPOINT WARNING * * *
You barely miss the goblin. The goblin hits you with a +0 dagger.
* * * LOW HITPOINT WARNING * * *
The goblin closely misses you.
You hit the goblin.
You kill the goblin!
The goblin hits you with a +0 dagger.
You die...

.# g# g## gg ### ###
g# ..# #.##.# #.#
..#...# # #.##.#
#g## #<####.#.#
##@## ###.#.....##
##)# ......##.#.##
##)##
###.#.##.##.###.## #
#......###.#..##
#####.######.....##
#.....# ##.......##
#.#...####.........#
.........+.........+


You could see a goblin (strong).

Vanquished Creatures
  Robin (D:2)
  A dart slug (D:1)
  4 bats (D:1)
  4 endoplasms (D:1)
  3 giant cockroaches (D:1)
  6 goblins
  3 hobgoblins (D:2)
  3 jackals (D:2)
  2 quokkas
  5 ball pythons (D:1)
  A frilled lizard (D:1)
  A kobold (D:1)
  6 rats
40 creatures vanquished.

Notes
Turn   | Place    | Note
-------+----------+-------------------------------------------
     0 | D:1      | LynnLen the Vampire Enchanter began the quest for the Orb.
     0 | D:1      | Reached XP level 1. HP: 13/13 MP: 3/3
   300 | D:1      | Reached skill level 5 in Stealth
   318 | D:1      | Reached XP level 2. HP: 12/15 MP: 5/5
   830 | D:1      | Gained mutation: You are afflicted with vampirism and can
                  | become a bat while bloodless. [Vampire growth]
   830 | D:1      | Reached XP level 3. HP: 19/19 MP: 6/6
  1061 | D:2      | Reached skill level 6 in Stealth
  1171 | D:2      | Noticed Robin
  1193 | D:2      | Killed Robin
  1197 | D:2      | Slain by a goblin

Illustrated notes

Levels and vault maps discovered:
D:1:      wander_arrival_abandoned_jail, layout_rooms
D:2:      layout_loops_corners, uniq_sigmund, uniq_robin

Skill      XL: |  1  2  3 |
---------------+----------+-----
Stealth        | 5 6 |  6.5
Short Blades   | |  1.4
Dodging        | |  2.4
Spellcasting   | |  2.1
Hexes          | |  4.6

Action                   || total
-------------------------++-------
Melee: Dagger            ||    76
       Bite              ||     8
 Abil: Exsanguinate      ||     1
  Use: Scroll            ||     7
       Potion            ||     2
 Stab: Sleeping          ||    23
       Distracted        ||     1
Armor: Robe              ||    28
Dodge: Dodged            ||    57

Table legend: (Time is in decaauts)
 A = Elapsed time spent in this place.
 B = Non-inter-level travel time spent in this place.
 C = Inter-level travel time spent in this place.
 D = Time resting spent in this place.
 E = Time spent auto-exploring this place.
 F = Levels seen in this place.
 G = Mean time per level.
                   A        B        C        D        E       F      G
               +--------+--------+--------+--------+--------+-----+--------+
         Total |   1192 |   1192 |      0 |    412 |    278 |   2 |  596.0 |
       Dungeon |   1192 |   1192 |      0 |    412 |    278 |   2 |  596.0 |
               +--------+--------+--------+--------+--------+-----+--------+

Top non-repeatable levels by time:
     D:1: 966 daAuts
     D:2: 225 daAuts
